 Dungeon Crawl Stone Soup version 0.21.1-1-g345015fe64 (webtiles) character file.

97 Naru the Chopper (level 4, -1/61 HPs)
             Began as a Hill Orc Monk on June 22, 2018.
             Killed from afar by Sigmund (7 damage)
             ... with a puff of flame
             ... on level 3 of the Dungeon.
             The game lasted 00:02:59 (2120 turns).

Naru the Chopper (Hill Orc Monk)                    Turns: 2120, Time: 00:02:59

Health: -1/61      AC: 22    Str: 13    XL:     4   Next: 68%
Magic:  4/4        EV:  2    Int: 11    God:
Gold:   123        SH:  0    Dex: 13    Spells: 3/3 levels left

rFire    . . .     SeeInvis .   a - +0 hand axe
rCold    . . .     Gourm    .   (no shield)
rNeg     + + +     Faith    .   (armour currently unavailable)
rPois    +         Spirit   .   (helmet currently unavailable)
rElec    .         Reflect  .   (cloak currently unavailable)
rCorr    .         Harm     .   (gloves currently unavailable)
MR       .....     NoTele   +   (boots currently unavailable)
Stlth    ++........             (no amulet)
HPRegen  0.20/turn              (no ring)
MPRegen  0.09/turn              (no ring)

@: tree-form (expiring)
A: no striking features
a: no special abilities


You were on level 3 of the Dungeon.
You were not hungry.
You were a tree.
You visited 1 branch of the dungeon, and saw 3 of its levels.

You collected 123 gold pieces.

Inventory:

Hand Weapons
 a - a +0 hand axe (weapon)
Armour
 i - a +0 cloak (melded)
 j - a +0 ring mail (melded)
 l - a +0 pair of gloves (melded)
Wands
 o - a wand of digging (12)
Scrolls
 d - 2 scrolls of identify {unknown}
 e - 2 scrolls of immolation {unknown}
 g - a scroll of random uselessness {unknown}
 h - a scroll of fear {unknown}
 n - 2 scrolls of remove curse {unknown}
 p - a scroll of teleportation {unknown}
 q - a scroll of blinking {unknown}
Potions
 f - a potion of mutation {unknown}
 m - a potion of curing
Comestibles
 c - 3 rations


   Skills:
 * Level 4.4 Fighting
 * Level 5.4 Axes
 + Level 1.2 Armour
 + Level 2.9 Dodging
 - Level 1.5 Stealth


You had 3 spell levels left.
You didn't know any spells.

Dungeon Overview and Level Annotations

Branches:
Dungeon (3/15)

Altars:
Xom

Annotations:
D:3 Sigmund


Message History

You closely miss something. Something hits you.
* * * LOW HITPOINT WARNING * * *
You barely miss something. You hit something.
Something hits you but does no damage.
You closely miss something. Something completely misses you.
You miss something. You miss something. Something hits you but does no damage.
You closely miss something. Something hits you.
* * * LOW HITPOINT WARNING * * *
You miss something. You miss something. Something hits you but does no damage.
You closely miss something.
Your transformation is almost over.
Something hits you but does no damage.
You miss something. You slash something!
You hear some strange, mumbled words.
A puff of flame appears from out of thin air!
The puff of flame hits you!
You die...

#.######.###..##
#..... #. #.#
#...# ...... #.
..###+#.# ......
#.
#####.....##.....#
..
#...#......#.....#
##
#........#.#......
#.###....#.)# #{#
#....##.# #♣#
#######))# #.#
##.# #.# .. ..#
#.# #.## .. #. ...
#. .... .. ##


There were no monsters in sight!

Vanquished Creatures
  5 adders
  A worm (D:2)
  3 leopard geckos
  3 bats
  3 giant cockroaches (D:1)
  3 goblins
  9 hobgoblins
  4 jackals (D:3)
  A ball python (D:2)
  2 frilled lizards (D:1)
  5 kobolds
  6 rats
45 creatures vanquished.

Notes
Turn   | Place    | Note
-------+----------+-------------------------------------------
     0 | D:1      | Naru the Hill Orc Monk began the quest for the Orb.
     0 | D:1      | Reached XP level 1. HP: 19/19 MP: 1/1
   308 | D:1      | Reached XP level 2. HP: 14/27 MP: 2/2
   887 | D:1      | You fall through a shaft!
  1124 | D:2      | Reached XP level 3. HP: 33/33 MP: 3/3
  1152 | D:2      | Found a shimmering altar of Xom.
  1219 | D:2      | Found a shimmering altar of Xom.
  1598 | D:2      | Reached skill level 5 in Axes
  1652 | D:2      | Reached skill level 1 in Armour
  1652 | D:2      | Reached XP level 4. HP: 34/40 MP: 4/4
  1716 | D:2      | Found a shimmering altar of Xom.
  2054 | D:3      | Noticed Sigmund
  2120 | D:3      | Killed from afar by Sigmund

Skill      XL: |  1  2  3 |
---------------+----------+-----
Fighting       | 4 |  4.4
Axes           | 5 |  5.4
Armour         | 1 |  1.2
Dodging        | |  2.9
Stealth        | |  1.5

Action                   |  1- 3 |  4- 6 || total
-------------------------+-------+-------++-------
Melee: Hand axe          |   167 |    64 ||   231
  Use: Potion            |       |     3 ||     3
 Stab: Sleeping          |     1 |       ||     1
  Eat: Chunk             |     2 |       ||     2
       Ration            |     1 |       ||     1
Armor: Robe              |     7 |       ||     7
       Ring mail         |    55 |    29 ||    84
       Skin              |       |     8 ||     8
Dodge: Dodged            |   121 |    38 ||   159
